 Dungeon Crawl Stone Soup version 0.30.0-17-ge0270778cf (webtiles) character file.

Game seed: 1631554428375826969

2939 ripuliukko the Thaumaturge (level 9, 0/46 HPs)
             Began as a Deep Elf Earth Elementalist on May 21, 2023.
             Was a Follower of Vehumet.
             Slain by an orc knight
             ... wielding a +0 glaive
              (30 damage)
             ... in a bailey.
             The game lasted 00:12:17 (7846 turns).

ripuliukko the Thaumaturge (DEEE)                   Turns: 7846, Time: 00:12:18

Health: 0/46       AC: 11    Str:  5    XL:     9   Next: 51%
Magic:  34/34      EV: 13    Int: 25    God:    Vehumet [*.....]
Gold:   387        SH:  0    Dex: 21    Spells: 24/28 levels left

rFire   + . .        f - +1 dagger (elec)
rCold   . . .        (no shield)
rNeg    . . .        k - +3 leather armour {rF+}
rPois   .            i - +2 helmet {SInv}
rElec   .            y - +0 cloak
rCorr   .            j - +0 pair of gloves
SInv    +            (no boots)
Will    .....        (no amulet)
Stlth   +++          l - +6 ring of dexterity
HPRegen 0.27/turn    s - ring of magical power
MPRegen 0.24/turn

%: no passive effects
@: no status effects
A: no striking features
a: Renounce Religion


You were in a bailey.
You worshipped Vehumet.
Vehumet was aware of your devotion.
You visited 2 branches of the dungeon, and saw 8 of its levels.
You also visited: Bailey.

You collected 387 gold pieces.

Inventory:

Hand Weapons
 f - a +1 dagger of electrocution (weapon)
Missiles
 r - 2 throwing nets
Armour
 a - a +0 robe
 i - a +2 helmet of see invisible (worn)
 j - a +0 pair of gloves (worn)
 k - a +3 leather armour of fire resistance (worn)
 y - a +0 cloak (worn)
Jewellery
 l - a +6 ring of dexterity (left hand)
 s - a ring of magical power (right hand)
 u - a ring of ice
Wands
 n - a wand of flame (49)
 o - a wand of paralysis (9)
 v - a wand of roots (3)
Scrolls
 d - a scroll of fear
 e - a scroll of vulnerability
 m - 2 scrolls of teleportation
 p - 4 scrolls of identify
Potions
 b - a potion of magic
 c - 4 potions of curing
 g - 5 potions of lignification
 q - 2 potions of mutation {unknown}
 t - a potion of attraction {unknown}
 x - a potion of brilliance {unknown}


   Skills:
 + Level 0.7 Fighting
 + Level 0.3 Short Blades
 * Level 1.5 Armour
 * Level 3.4 Dodging
 * Level 3.3 Stealth
 + Level 0.1 Unarmed Combat
 + Level 10.2 Spellcasting
 * Level 6.6 Conjurations
 + Level 1.1 Transmutations
 + Level 8.1 Earth Magic
 * Level 4.7 Evocations


You had 24 spell levels left.
You knew the following spells:

 Your Spells              Type           Power      Damage    Failure   Level
a - Sandblast             Erth           100%       2d20      1%          1
q - Stone Arrow           Conj/Erth      98%        3d13      1%          3

Your spell library contained the following spells:

 Spells                   Type           Power      Damage    Failure   Level
 Magic Dart               Conj           100%       1d8       1%          1
 Passwall                 Tmut/Erth      29%        N/A       1%          2
 Beastly Appendage        Tmut           36%        N/A       4%          1
 Wereblood                Tmut           18%        N/A       8%          2
 Ensorcelled Hibernation  Hex/Ice        24%        N/A       12%         2
 Petrify                  Tmut/Erth      35%        N/A       12%         4
 Spider Form              Tmut/Pois      15%        N/A       19%         3
 Anguish                  Hex/Necr       6%         N/A       61%         4


Dungeon Overview and Level Annotations

Branches:
Dungeon (7/15)             Temple (1/1) D:6          Bailey (1/1)

Altars:
Cheibriados
Dithmenos
Gozag
Hepliaklqana
Kikubaaqudgha
Makhleb
Nemelex Xobeh
Qazlal
Sif Muna
Vehumet
Wu Jian
Xom
Yredelemnul
The Shining One

Shops:
D:4 :   D:6 *   D:7 [


Message History

The orc barely misses you.
The orc knight struggles to escape constriction.
The orc knight escapes!
Aiming: Fastroot
Press: ? - help, Shift-Dir - straight line, f - orc knight, p - orc
Aim: an orc knight, wielding a +0 halberd and wearing a +0 ring mail (lightly wounded)
The roots erupt in riotous growth!
Roots grab the orc knight.
The orc is unaffected.
Roots grab the orc.
The grasping roots constrict the orc.
You kill the orc!
Vehumet accepts your kill.
The grasping roots constrict the orc knight! x2
The grasping roots constrict the orc.
The roots release their grip on the orc knight.
The orc knight hits you from afar with a +0 halberd!
The orc struggles to escape constriction.
Aiming: Fastroot
Press: ? - help, Shift-Dir - straight line, f - orc knight, p - orc knight
Aim: an orc knight, wielding a +0 glaive and wearing a +0 scale mail (lightly wounded)
The roots erupt in riotous growth!
Roots grab the orc knight.
The orc knight is unaffected.
The orc is unaffected.
The grasping roots constrict the orc knight! x2
The grasping roots constrict the orc!
You kill the orc!
Vehumet accepts your kill.
The orc knight hits you from afar with a +0 halberd!
The orc knight roars a battlecry!
The orc knight goes into a battle-frenzy!
Unknown command.
The grasping roots constrict the orc knight.
The grasping roots constrict the orc knight!
The roots release their grip on the orc knight.
The orc knight roars a battlecry!
The orc knight goes into a battle-frenzy!
The orc knight hits you from afar with a +0 glaive!!
Ouch! That really hurt!
You die...

..≈≈###≈≈~~~~~~~~~~~~~~~≈≈###≈≈..
..≈##.##≈)~~~~~~~~~~~~~~≈##.##≈..
..≈#..))~~~~~~~~~~~~~~~~~....#≈..
..≈##.∩#≈~~~~~~~~~~~~~~~≈#∩)##≈..
..≈≈#.##≈~~~~#######~~~~≈##.#≈≈..
..~≈≈~≈≈≈~~~##~~~~##~~~~≈≈≈~≈≈~..
..~~~~~~~~~##~~~~~##~~)~~~~~~~~..
..~~~~~~~~##~~#'''##~~~~~~~~~~~..
..~~~~~~~~#~~##∩@∩##~~##~~~~~~~..
..~~~~~~~##~####'####~##~~~~~~~..
..~~~~~~~##~')#oo.#)'~##~~~~~~~..
..~~~~~~~##~###._.###~##~~~~~~~..
..~~~~~~~##~'.#}.!#)'~##~~~~~~~..
..~~~~~~~##~#########~##~~~~~~~..
..~~~~~~~~#~~##)#)##~~#~~~~~~~~..
..~~~~~~~~##~~#'#'#~~##~~~~~~~~..
..~~~~~~~~~##~~~~~~~##~~~~~~~~~..


You could see 2 orc knights.

Vanquished Creatures
  Sigmund (D:2)
  Eustachio (D:3)
  A steam dragon (D:6)
  A water moccasin (D:7)
  An ice beast (D:6)
  A sky beast (D:6)
  9 orc warriors (Bailey)
  A centaur (D:6)
  A kobold brigand (D:6)
  A bullfrog (D:6)
  A scorpion (D:6)
  A howler monkey (D:5)
  2 jellies
  2 hounds
  2 orc priests (D:7)
  4 gnoll boudas
  7 iguanas
  A sleepcap (D:6)
  Ijyb (D:5)
  Natasha (thrice) (D:2)
  2 orc wizards (D:7)
  24 gnolls
  3 adders
  2 white imps
  3 ufetubi
  2 worms (D:2)
  A dart slug (D:4)
  29 orcs
  3 bats
  5 endoplasms
  6 giant cockroaches
  11 goblins
  3 hobgoblins
  8 jackals (D:1)
  4 kobolds (D:1)
  6 quokkas
  6 ball pythons
  2 frilled lizards (D:1)
  9 rats
171 creatures vanquished.

Notes
Turn   | Place    | Note
-------+----------+-------------------------------------------
     0 | D:1      | ripuliukko the Deep Elf Earth Elementalist began the quest
                  | for the Orb.
     0 | D:1      | Reached XP level 1. HP: 10/10 MP: 6/6
   139 | D:1      | Found a faded altar of an unknown god.
   350 | D:1      | Reached XP level 2. HP: 15/15 MP: 6/8
   644 | D:1      | Reached XP level 3. HP: 19/19 MP: 4/9
  1349 | D:1      | Learned a level 3 spell: Stone Arrow
  1441 | D:2      | Noticed Natasha
  1443 | D:2      | Killed Natasha
  1444 | D:2      | Reached skill level 4 in Spellcasting
  1507 | D:2      | Reached XP level 4. HP: 24/24 MP: 10/12
  1537 | D:2      | Found a hazy altar of Hepliaklqana.
  1610 | D:2      | Noticed Natasha
  1617 | D:2      | Killed Natasha
  1745 | D:2      | Noticed Natasha
  1748 | D:2      | Killed Natasha
  1839 | D:2      | Noticed Sigmund
  1896 | D:2      | Killed Sigmund
  1897 | D:2      | Reached skill level 6 in Spellcasting
  1897 | D:2      | Reached skill level 5 in Earth Magic
  1897 | D:2      | Reached XP level 5. HP: 15/28 MP: 9/15
  1897 | D:2      | Reached XP level 6. HP: 17/32 MP: 10/17
  2362 | D:3      | Found a basalt altar of Yredelemnul.
  2364 | D:3      | Noticed a profane servitor
  2369 | D:3      | Found a glowing golden altar of the Shining One.
  2371 | D:3      | Noticed an angel
  2861 | D:3      | Found a sparkling altar of Nemelex Xobeh.
  2884 | D:3      | Found a burning altar of Makhleb.
  2885 | D:3      | Noticed a balrug
  2889 | D:3      | Noticed a hellwing
  2889 | D:3      | Noticed a neqoxec
  3289 | D:4      | Noticed Eustachio
  3297 | D:3      | Killed Eustachio
  3298 | D:3      | Reached skill level 1 in Conjurations
  3298 | D:3      | Reached skill level 1 in Evocations
  3452 | D:4      | Reached XP level 7. HP: 36/36 MP: 15/19
  3604 | D:4      | Found Waoklo Caxee's Book Shop.
  4264 | D:4      | Reached skill level 7 in Spellcasting
  4496 | D:5      | Entered Level 5 of the Dungeon
  5150 | D:6      | Found Jyelebib's Fire Supplies.
  5370 | D:5      | Noticed Ijyb
  5383 | D:5      | Killed Ijyb
  5384 | D:5      | Reached skill level 8 in Spellcasting
  5840 | D:6      | Reached XP level 8. HP: 42/42 MP: 22/22
  6216 | D:6      | Found a staircase to the Ecumenical Temple.
  6443 | Temple   | Entered the Ecumenical Temple
  6497 | Temple   | Became a worshipper of Vehumet
  6608 | D:6      | Reached skill level 9 in Spellcasting
  6615 | D:6      | HP: 2/42 [poisoned by a kobold brigand (curare-tipped
                  | dart)]
  6648 | D:6      | Reached skill level 5 in Conjurations
  6990 | D:7      | Reached XP level 9. HP: 27/46 MP: 20/24
  7077 | D:7      | Found Moitocoi's Antique Armour Emporium.
  7124 | D:7      | Found a flagged portal.
  7137 | D:7      | Reached * piety under Vehumet
  7137 | D:7      | Offered knowledge of Magic Dart by Vehumet.
  7153 | Bailey   | Entered a bailey
  7310 | Bailey   | Reached skill level 1 in Armour
  7464 | Bailey   | Reached skill level 10 in Spellcasting
  7842 | Bailey   | Noticed an orc knight
  7842 | Bailey   | Noticed an orc knight
  7846 | Bailey   | Slain by an orc knight

Illustrated notes

Levels and vault maps discovered:
D:1:      saegor_arrival_fortress, layout_loops_ring,
          shapermc_ecumenical_altar_flowoftime, serial_bayou_pond_e
D:2:      layout_basic, basic_altar, uniq_natasha, uniq_sigmund
D:3:      layout_loops_corners, grunt_temple_overflow_holy_war,
          lemuel_coloured_pillars_altar, makhleb_altar_promises_db,
          minmay_misc_feat_cross
D:4:      nicolae_BIG_FREAKIN_CUBE, layout_layer_cave, serial_shops, shop,
          uniq_eustachio
D:5:      layout_loops_cross, reono_crystal_passage, uniq_ijyb
D:6:      minmay_inner_zag, layout_rooms, minmay_temple_entry_trees,
          nicolae_shop_fire_sale [nicolae_sub_dead_trees]
D:7:      layout_rooms, gammafunk_temple_overflow_elements, serial_shops,
          nicolae_shop_tiny_real_fake_doors, enter_bailey_3
Temple:   eino_wide_crystal_templ
Bailey:   bailey_polearm_2, bailey

Skill      XL: |  1  2  3  4  5  6  7  8  9 |
---------------+----------------------------+-----
Dodging        | 3 |  3.4
Earth Magic    | 4 5 6 7 8 |  8.1
Spellcasting   | 4 6 8 9 10 | 10.2
Stealth        | 3 |  3.3
Conjurations   | 1 3 5 6 |  6.6
Evocations     | 1 3 4 |  4.7
Armour         | 1 |  1.5
Fighting       | |  0.7
Short Blades   | |  0.3
Unarmed Combat | |  0.1
Transmutations | |  1.1

Action                     |  1- 3 |  4- 6 |  7- 9 || total
---------------------------+-------+-------+-------++-------
  Melee: Unarmed           |     1 |       |       ||     1
         Dagger            |     3 |       |    32 ||    35
         Punch             |       |       |     1 ||     1
   Cast: Sandblast         |    46 |    48 |    41 ||   135
         Stone Arrow       |       |    12 |   119 ||   131
  Evoke: Wand              |       |       |     4 ||     4
    Use: Potion            |       |     2 |     3 ||     5
         Scroll            |       |     7 |     5 ||    12
 Armour: Robe              |     5 |     3 |    14 ||    22
         Leather armour    |       |       |    12 ||    12
  Dodge: Dodged            |    21 |    21 |    81 ||   123
